Unix NetHack Version 5.0.0-0 post-release - last build May 31 2026 23:59:36 (970b52f25bf058293b47ddfd14a1e40e571c508c,branch:main).

Game began 2026-06-05 13:26:23, ended 2026-06-09 00:10:06.

KraJa, lawful female human Monk

    ----------------------------------------------------------------
    |....................................%)).......................|
    |..------------......................%%%.......................-----------
    |..|(.(.......|..................................................|.^..|..|
    |..|....(.....|..........}}}}1}}.....%..............}}}}}}}......|....|..|
    |..|...--|--|--..........}-----}....................}-----}......----[-..|
    |..|...|.................}|111|}}}}}}}}}}}}}}}}}}}}}}|   |}........|.....|
    |..|.))|.................1---------------------------- ---}........|.....|
    |..|...-.................}}}|ooo1 1                    |}}}........-....(|
    |..|...|...................}@C12                       |}..........|.....|
    |..|...|...................@|2 2  11                   |}..........----|--
    |..|...-.................}}}|1 1                       |}}}..........| #
    |..|...|.................}---  ----------------------  ---}..........| #
    |..|...|.................}|   | }}}1}}}}}}}}}}}}}}}} |   |}........--  #
    |..|...--|--|--..........}-----}....................}-----}..).....|   #
    |..|..........|..........}}}}}}}....................}}}}}}}........|   #
    |..|..........|.................................................--%----|--
    |..------------.................................................|.%)..%..|
    |...............................................................|........|
    --------------------------------------------------------------------------
KraJa the Student of Waters     St:18/32 Dx:18 Co:18 In:13 Wi:14 Ch:13  Lawful
Fort Ludios $:0  HP:0(105) Pw:107(107) AC:-20 Xp:16/495561 T:62796  Lev

Latest messages:
 You kill the gremlin!
 The hill orc picks up a wand of striking.
 You kill the hill orc!
 The plains centaur picks up a curved sword.
 You hit the plains centaur!
 The plains centaur wields a curved sword!
 The plains centaur swings her curved sword.
 The plains centaur misses!
 The plains centaur kicks!
 You kill the plains centaur!
 The stone giant picks up a curved sword.
 You hit the stone giant!
 The stone giant wields a curved sword!
 You hit the stone giant!
 The stone giant turns to flee.
 The Uruk-hai shoots 2 poisoned crude arrows!
 The 1st poisoned crude arrow misses the stone giant.
 The 1st poisoned crude arrow misses you.
 Plop!
 The 2nd poisoned crude arrow hits the stone giant!
 The stone giant picks up a poisoned crude arrow.
 You kill the stone giant!
 Croesus picks up 3 worthless pieces of black glass.
 You hit Croesus!
 Croesus swings his two-handed sword.
 Croesus hits!
 You hit Croesus!
 The forest centaur shoots an arrow!
 The arrow misses Croesus.
 An arrow misses you.
 Plop!
 Croesus swings his two-handed sword.
 Croesus hits!
 You hit Croesus!
 Croesus swings his two-handed sword.
 Croesus hits!
 The forest centaur shoots an arrow!
 The arrow misses Croesus.
 An arrow misses you.
 Plop!
 What do you want to use or apply? [hikln-ps-uxyD-FKR or ?*]
 In what direction?
 Status of Croesus (lawful, medium):  Level 19  HP 38(89)  AC 0.
 You hit Croesus!
 Croesus swings his two-handed sword.
 Croesus hits!
 Croesus swings his two-handed sword.
 Croesus hits!
 You die...
 Do you want your possessions identified? [ynq] (y)

Inventory:
 Amulets  ('"')
  w - an uncursed amulet of reflection named @ (being worn)
 Weapons  (')')
  b - the blessed +5 Demonbane
  a - the blessed rustproof +7 Excalibur (weapon in right hand)
 Armor    ('[')
  H - an uncursed thoroughly rusty +4 helmet named @ (being worn)
  G - an uncursed burnt +2 pair of leather gloves named @ (being worn)
  z - an uncursed +0 pair of elven boots
  B - an uncursed +0 pair of iron shoes named @ (being worn)
  X - an uncursed +0 shield of reflection named @ (being worn)
  C - a blessed fireproof +4 cloak of magic resistance named @ (being worn)
  S - a blessed +5 T-shirt with text "I'm not wearing any pants" named @ (being worn)
  A - an uncursed +0 silver dragon scale mail named @
 Comestibles  ('%')
  J - an uncursed C-ration
  V - an uncursed lizard corpse
 Scrolls  ('?')
  v - an uncursed scroll of confuse monster
 Spellbooks  ('+')
  x - an uncursed spellbook of drain life
 Potions  ('!')
  I - an uncursed potion of healing
  f - 4 potions of holy water
 Rings    ('=')
  g - a blessed ring of levitation named @ (on right hand)
  Z - an uncursed ring of shock resistance named @
  c - an uncursed ring of slow digestion named @ (on left hand)
 Wands    ('/')
  n - an uncursed wand of cold named @ (0:0)
  D - an uncursed wand of digging named @ (0:6)
  K - an uncursed wand of fire named @ (0:6)
  R - an uncursed wand of lightning named @ (0:2)
  o - an uncursed wand of magic missile named @ (0:1)
  h - a blessed wand of sleep named @ (0:4)
  F - a cursed wand of speed monster (0:7)
  E - an uncursed wand of striking (0:3)
  y - an uncursed wand of teleportation named @ (0:1)
 Tools    ('(')
  i - a blessed bag of holding named TPCFSID/RhL@0 containing 42 items
  l - an uncursed magic lamp named @ (lit)
  p - an uncursed rustproof +0 pick-axe named @
  k - an uncursed skeleton key named @
  s - an uncursed stethoscope named @
  t - an uncursed towel named @
  u - a blessed +0 unicorn horn named @
 Gems/Stones  ('*')
  U - a blessed luckstone named @

Contents of the bag of holding named TPCFSID/RhL@0:
  an uncursed amulet of magical breathing named @
  10 uncursed +0 shuriken
  an uncursed +0 mummy wrapping named @
  an uncursed +1 robe named @
  2 uncursed strawberries
  an uncursed apple
  an uncursed banana
  2 uncursed candy bars labeled "Crispy Yum Yum"
  an uncursed carrot
  an uncursed clove of garlic
  3 uncursed cream pies
  an uncursed eucalyptus leaf
  3 uncursed food rations
  4 uncursed fortune cookies
  an uncursed orange
  3 uncursed pancakes
  an uncursed sprig of wolfsbane
  6 uncursed tripe rations
  an uncursed tin of spinach
  an uncursed tin of glass piercer meat
  an uncursed tin of rothe meat
  a blessed tin of ettin meat
  a blessed tin of frost giant meat
  2 blessed tins of hill giant meat
  2 blessed tins of stone giant meat
  an uncursed lichen corpse
  2 uncursed lichen corpses
  4 uncursed lizard corpses
  7 uncursed lizard corpses
  an uncursed scroll of identify
  an uncursed potion of fruit juice
  3 potions of holy water
  an uncursed wand of cold named @ (0:0)
  an uncursed bugle
  an uncursed leash named @
  a blessed tinning kit (0:52)
  6 uncursed amethyst stones
  an uncursed black opal
  an uncursed chrysoberyl stone
  3 uncursed diamonds
  an uncursed dilithium crystal
  5 uncursed emeralds

KraJa the Monk's attributes:

Background:
 You were a Student of Waters, a level 16 female human Monk.
 You were lawful, on a mission for Shan Lai Ching
 who was opposed by Chih Sung-tzu (neutral) and Huan Ti (chaotic).
 You were right-handed.
 You were on the Fort Ludios level.
 You entered the dungeon 62796 turns ago.
 It was the midnight hour.
 You had 495561 experience points, 144439 more were needed to attain level 17.

Basics:
 You had 0 out of 105 hit points.
 You had all 107 energy points (spell power).
 Your armor class was -20.
 Your wallet was empty.
 Autopickup was on for all types, with exceptions.

Final Characteristics:
 Your strength was 18/32 (limit:18/100).
 Your dexterity was 18 (limit:18).
 Your constitution was 18 (limit:18).
 Your intelligence was 13 (limit:18).
 Your wisdom was 14 (limit:18).
 Your charisma was 13 (limit:18).

Final Status:
 You were levitating.
 You weren't hungry.
 You were unencumbered.
 You were wielding a long sword.
 You had basic skill with long sword.

Final Attributes:
 You were piously aligned.
 You were magic-protected.
 You were fire resistant.
 You were cold resistant.
 You were sleep resistant.
 You were disintegration resistant.
 You were shock resistant.
 You were poison resistant.
 You were level-drain resistant.
 You saw invisible.
 You were telepathic.
 You were warned.
 You had automatic searching.
 You were invisible to others.
 You were stealthy.
 You had slower digestion.
 You had a moderate defense bonus (+10).
 You were warded.
 You had reflection.
 You were very lucky.
 You had extra luck.
 Good luck did not time out for you.
 You are dead.

Miscellaneous:
 You encountered 3 bones levels.
 Total elapsed playing time was 9 hours, 39 minutes and 58 seconds.

Major events:
 Turn
    1: KraJa the lawful female human Monk entered the dungeon
 1248: attained the rank of Novice (level 3)
 2626: was bestowed with Demonbane by Shan Lai Ching
 5644: was bestowed with Trollsbane by Shan Lai Ching
 5938: entered the Gnomish Mines
 6556: attained the rank of Initiate (level 6)
 8367: Demirci, the used armor dealership proprietor, has been killed
13192: entered Sokoban
13404: completed 1st Sokoban level
13956: completed 2nd Sokoban level
14341: completed 3rd Sokoban level
17504: completed 4th Sokoban level
18635: found Giantslayer on the floor
18644: acquired the Sokoban bag of holding
18957: attained the rank of Student of Stones (level 10)
22095: reached Mine Town
22173: Aned, the hardware store proprietor, has been killed
22273: Izchak, the lighting store proprietor, has been killed
22514: Zoe, the health food store proprietrix, has been killed
22658: Chibougamau, the general store proprietor, has been killed
23825: was bestowed with Ogresmasher by Shan Lai Ching
26834: acquired the Mines' End luckstone
29840: entered the Bigroom
37843: Holmavik, the general store proprietrix, has been killed
49003: performed her first genocide (class R)
49158: genocided class h
55270: was given Excalibur by the Lady of the Lake
55693: was bestowed with Fire Brand by Shan Lai Ching
61455: attained the rank of Student of Waters (level 14)
61504: genocided class L
61553: made her first wish - "blessed ring of levitation", got "a granite ring"
62796: killed by Croesus

Spells:
 Name                 Level Category     Fail Retention
 protection             1   clerical     100%    (gone)
 detect unseen          3   divination   100%    (gone)

Skills:
 Fighting Skills
   martial arts       [Basic]
 Weapon Skills
   long sword         [Basic]
   mace               [Basic]
   morning star       [Unskilled]
   hammer             [Unskilled]
   quarterstaff       [Unskilled]
   spear              [Unskilled]
   crossbow           [Unskilled]
   shuriken           [Unskilled]
 Spellcasting Skills
   attack spells      [Unskilled]
   healing spells     [Basic]
   divination spells  [Unskilled]
   enchantment spells [Unskilled]
   clerical spells    [Unskilled]
   escape spells      [Unskilled]
   matter spells      [Unskilled]

Voluntary challenges:
 Character rerolling was not enabled.
 You genocided 13 types of monsters.
 You never polymorphed an object.
 You used 1 wish.
 You did not wish for any artifacts.
 You did not violate any of the special Sokoban rules.
Achievements:
 You attained the rank of Novice.
 You entered a shop.
 You entered the Gnomish Mines.
 You attained the rank of Initiate.
 You entered Sokoban.
 You completed Sokoban.
 You attained the rank of Student of Stones.
 You entered Minetown.
 You entered a temple.
 You completed the Gnomish Mines.
 You entered the Big Room.
 You attained the rank of Student of Waters.

 The Dungeons of Doom: levels 1 to 28
    Level 1: "VS"
       An altar to Shan Lai Ching.
    Level 2:
       A general store, an altar to Shan Lai Ching.
    Level 3:
       Some fountains.
       Stairs down to The Gnomish Mines.
    Level 4:
       An armor shop, a fountain.
    Level 5:
       A fountain.
    Level 6:
       Many fountains.
    Level 7:
       Stairs up to Sokoban, level 6.
    Level 8:
       An altar to Shan Lai Ching.
    Level 9:
       Many fountains.
    Level 10:
    Level 11: "throne"
       A fountain.
    Level 12:
       A very big room.
       Summoned by the Grand Master.
    Level 13:
       Some fountains.
    Level 14:
    Level 15:
       A primitive area.
    Level 16:
       A fountain, a grave.
    Level 17:
       A fountain.
       Portal to Fort Ludios.
    Level 18:
       A temple and an altar to Shan Lai Ching, a fountain.
    Level 19:
       A fountain.
    Level 20:
       A fountain.
    Level 21:
       A general store.
    Level 22:
       A temple and an altar, a fountain, a grave.
    Level 23:
    Level 24: "pet"
       A temple and an altar to Shan Lai Ching, many fountains.
    Level 25:
       A fountain.
    Level 26:
       A temple and an altar.
    Level 27:
       A fountain.
    Level 28:
 The Gnomish Mines: levels 4 to 12
    Level 4:
       A grave.
       Final resting place for
          Felix1-Wiz-Hum-Mal-Neu, killed by a werejackal.
    Level 5:
    Level 6:
       Final resting place for
          mwm11235-Wiz-Hum-Mal-Neu, killed by a soldier ant.
    Level 7:
       Many shops, a temple and an altar, some fountains.
    Level 8:
    Level 9:
       Final resting place for
          kmoxley-Bar-Orc-Fem-Cha, killed by an owlbear.
    Level 10:
    Level 11:
    Level 12:
       A fountain.
 Sokoban: levels 6 up to 3
    Level 3:
       Solved.
    Level 4:
       Solved.
    Level 5:
       Solved.
    Level 6:
       Solved.
 Fort Ludios:
    Level 1: <- You were here.
       Final resting place for
          you, killed by Croesus.


Vanquished creatures:
  a purple worm
  2 gray dragons
  2 silver dragons
  a red dragon
  a black dragon
  a demilich
  2 stone golems
  a displacer beast
  3 titanotheres
  a guardian naga
  a genetic engineer
  2 vampire leaders
  6 shopkeepers
  2 captains
  2 liches
  a clay golem
  3 nurses
 an ice devil
  4 lurkers above
 an Aleax
  4 frost giants
 an ettin
  4 lieutenants
  a watch captain
  4 ghosts
  a queen bee
  a winged gargoyle
  2 giant mimics
  8 long worms
  3 zruties
  a fire giant
  2 ogre tyrants
  2 ice trolls
  3 umber hulks
  a flesh golem
  3 elven monarchs
  a doppelganger
  5 large mimics
  a wumpus
  7 stalkers
  2 fire elementals
 an earth elemental
  2 water elementals
  2 hill giants
  2 giant mummies
  3 black nagas
  2 xorns
  6 giant zombies
  2 elf-nobles
 15 sergeants
 15 wargs
  7 small mimics
  4 glass piercers
  6 warhorses
  5 xans
  2 ettin mummies
  6 ogre leaders
  5 quantum mechanics
  5 trolls
  2 sasquatches
  a wood golem
  7 gelatinous cubes
  4 pyrolisks
  5 large dogs
  4 freezing spheres
  6 flaming spheres
  2 shocking spheres
  2 large cats
  6 tigers
  8 gargoyles
  a dwarf ruler
  5 tengu
  6 ochre jellies
  5 leocrottas
  4 mountain centaurs
  8 stone giants
  5 elf mummies
  6 human mummies
  a red naga
  a python
  2 pit vipers
  4 wraiths
  2 carnivorous apes
 an ettin zombie
  4 leather golems
 15 Grey-elves
 73 soldiers
  3 watchmen
  5 amorous demons
  4 chameleons
  2 crocodiles
  9 giant beetles
  8 quivering blobs
  9 cockatrices
 25 wolves
  6 winter wolf cubs
  2 lynxes
  2 panthers
 38 gremlins
  4 spotted jellies
 66 leprechauns
 an orc-captain
  6 iron piercers
  2 mumakil
 19 giant spiders
  7 scorpions
  7 horses
  3 ice vortices
  a baby long worm
  5 black lights
  4 vampire bats
  5 forest centaurs
  5 gnome rulers
  6 orc mummies
  4 dwarf mummies
  7 ogres
  4 brown puddings
  6 rust monsters
  8 owlbears
  7 yetis
  2 gold golems
  2 werewolves
 17 Green-elves
 23 lizards
  7 chickatrices
  4 dingoes
  7 dogs
  5 housecats
  6 jaguars
  6 dwarf leaders
  7 blue jellies
  3 white unicorns
  5 gray unicorns
  a black unicorn
  8 dust vortices
  6 ravens
  7 plains centaurs
  2 gnome mummies
  8 snakes
 16 apes
 12 human zombies
  6 rope golems
 11 Woodland-elves
 24 soldier ants
 12 fire ants
 16 bugbears
  2 imps
  a lemure
  3 quasits
  6 wood nymphs
  8 water nymphs
  5 mountain nymphs
 36 Mordor orcs
 19 Uruk-hai
  9 orc shamans
 11 rock piercers
  9 rock moles
  4 ponies
  6 fog clouds
 17 yellow lights
  5 shriekers
  7 violet fungi
 23 gnome leaders
 16 gnomish wizards
  6 kobold mummies
  a black naga hatchling
  4 gray oozes
  a barrow wight
  7 elf zombies
  7 ghouls
  3 straw golems
  5 paper golems
 32 giant ants
  5 little dogs
 18 floating eyes
  5 kittens
 17 dwarves
  6 homunculi
  4 kobold leaders
  3 kobold shamans
 58 hill orcs
 35 rothes
  5 rabid rats
  2 centipedes
  8 giant bats
  a monkey
  6 orc zombies
 16 dwarf zombies
  4 wererats
  2 werejackals
 14 iguanas
 98 killer bees
 13 acid blobs
  7 coyotes
  6 gas spores
 10 hobbits
  8 manes
  7 large kobolds
 16 hobgoblins
  5 giant rats
 24 cave spiders
  7 brown molds
  8 yellow molds
  5 green molds
  6 red molds
 60 gnomes
 36 garter snakes
  6 gnome zombies
 22 geckos
 17 jackals
  5 foxes
  9 kobolds
 11 goblins
  3 sewer rats
 19 grid bugs
 10 bats
 24 lichens
  7 kobold zombies
 27 newts
1826 creatures vanquished.

Genocided species:
 arch-liches
 master liches
 demiliches
 master mind flayers
 disenchanters
 liches
 mind flayers
 dwarf rulers
 rust monsters
 dwarf leaders
 bugbears
 dwarves
 hobbits
13 species genocided.

Game over:
                       ----------
                      /          \
                     /    REST    \
                    /      IN      \
                   /     PEACE      \
                  /                  \
                  |      KraJa       |
                  |       0 Au       |
                  |    killed by     |
                  |     Croesus      |
                  |                  |
                  |                  |
                  |       2026       |
                 *|     *  *  *      | *
        _________)/\\_//(\/(/\)/\//\/|_)_______

Goodbye KraJa the Monk...

You died in Fort Ludios with 301850 points,
and 0 pieces of gold, after 62796 moves.
You were level 16 with a maximum of 105 hit points when you died.

